 Dungeon Crawl Stone Soup version 0.26-a0-597-gb535b0901c (webtiles) character file.

Game seed: 14387662254031397224

(classic levelgen) 45040 EnegeticOcto the Cleaver (level 13, 72/128 HPs)
             Began as a Deep Dwarf Fighter on Sept 8, 2020.
             Was the Champion of Makhleb.
             Quit the game on level 2 of the Lair of Beasts.
             The game lasted 00:11:06 (11917 turns).

EnegeticOcto the Cleaver (Deep Dwarf Fighter)      Turns: 11917, Time: 00:11:06

Health: 72/128     AC: 35    Str: 25    XL:     13   Next: 99%
Magic:  9/9        EV:  9    Int: 13    God:    Makhleb [******]
Gold:   1132       SH: 18    Dex: 12    Spells: 12/12 levels left

rFire    . . .     SeeInvis +   a - +1 war axe
rCold    . . .     Faith    .   N - +0 tower shield
rNeg     + . .     Spirit   .   K - +18 Cigotuvi's embrace {rRot *Drain rN+}
rPois    .         Reflect  .   E - +1 helmet
rElec    +         Harm     .   v - +2 cloak {MR+}
rCorr    .                      y - +2 pair of gloves
MR       +++..                  (no boots)
Stlth    +.........             P - amulet "Reseil" {rElec MR+ Regen+ Int+4}
HPRegen  0.00/turn              F - ring of see invisible
MPRegen  0.11/turn              J - +4 ring of protection

@: non-regenerating
A: damage resistance, heal wounds, sense surroundings 2, no regeneration
a: Heal Wounds, Minor Destruction, Lesser Servant of Makhleb, Major Destruction,
Greater Servant of Makhleb, Renounce Religion


You were on level 2 of the Lair of Beasts.
You worshipped Makhleb.
Makhleb was exalted by your worship.
You visited 4 branches of the dungeon, and saw 17 of its levels.
You also visited: Ossuary, Gauntlet and Ice Cave.

You collected 2629 gold pieces.
You spent 1497 gold pieces at shops.

Inventory:

Hand Weapons
 a - a +1 war axe (weapon)
Missiles
 A - 2 throwing nets (quivered)
Armour
 c - a +1 kite shield
 f - the +0 pair of gloves of Paranoia {Harm +Blink rCorr Stlth-}
   (You bought it in a shop on level 2 of the Orcish Mines)

   It lets you blink.
   It provides partial protection from all sources of acid and corrosion.
   It increases damage dealt and taken.
   It makes you less stealthy.
 h - a +0 plate armour
 v - a +2 cloak of magic resistance (worn)
 y - a +2 pair of gloves (worn)
 E - a +1 helmet (worn)
 K - the +18 Cigotuvi's embrace (worn) {rRot *Drain rN+}
   (You bought it in a shop on level 2 of the Orcish Mines)

   It protects you from negative energy.
   It causes draining when unequipped.
 N - a +0 tower shield (worn)
Jewellery
 m - an uncursed ring of resist corrosion
 x - an uncursed amulet of reflection
 F - a ring of see invisible (left hand)
 J - a +4 ring of protection (right hand)
 P - the amulet "Reseil" (around neck) {rElec MR+ Regen+ Int+4}
   (You found it in an ice cave)

   [amulet of regeneration]

   It affects your intelligence (+4).
   It insulates you from electricity.
   It affects your resistance to hostile enchantments.
   It increases your rate of regeneration.
Wands
 l - a wand of digging (9) {@v3}
 p - a wand of polymorph (23)
 r - a wand of iceblast (16) {@v2}
 s - a wand of acid (6) {@v1}
 C - a wand of paralysis (4)
Scrolls
 e - 3 scrolls of remove curse {@r2}
 g - 15 scrolls of teleportation {@r3}
 n - 5 scrolls of blinking
 u - 4 scrolls of fog
 B - a scroll of fear
 D - a scroll of enchant weapon
Potions
 b - 2 potions of heal wounds {@q2}
 d - a potion of might {@q3}
 i - a potion of cancellation
 j - 2 potions of flight
 k - 2 potions of berserk rage
 o - 2 potions of haste {@q4}
 q - a potion of brilliance {unknown}
 t - 5 potions of mutation
 w - 3 potions of lignification {@q7}
 z - 5 potions of curing {@q1}
 G - 2 potions of invisibility
 H - 2 potions of resistance {unknown}
 I - 3 potions of magic {unknown}
 M - 3 potions of stabbing {unknown}
Miscellaneous
 L - a condenser vane (2/2)
 O - a box of beasts (3/3)


   Skills:
 * Level 11.8 Fighting
 * Level 14.0 Axes
 + Level 10.7 Armour
 + Level 1.6 Dodging
 + Level 10.7 Shields
 + Level 11.0 Invocations
 + Level 7.3 Evocations


You had 12 spell levels left.
You didn't know any spells.
Your spell library was empty.

Dungeon Overview and Level Annotations

Branches:
Dungeon (12/15)            Temple (1/1) D:5            Lair (2/6) D:11
    Orc (2/2) D:11            Elf (0/3) Orc:2       Ossuary (visited)
  IceCv (visited)         Gauntlet (visited)
  Swamp: Lair:2-4    Shoals: Lair:2-4     Snake: Lair:2-4    Spider: Lair:2-4

Altars:
Ashenzari
Cheibriados
Dithmenos
Elyvilon
Fedhas
Gozag
Hepliaklqana
Kikubaaqudgha
Makhleb
Nemelex Xobeh
Okawaru
Qazlal
Ru
Sif Muna
Trog
Uskayaw
Vehumet
Wu Jian
Xom
Yredelemnul
Zin
The Shining One

Shops:
D:4 !   D:9 ?   Orc:1 (   Orc:2 :[[=(

Portals:
Trove: D:12 (give +3 shadow dragon scales)

Annotations:
D:10 3 runed translucent doors, p0werm0de's ghost, journeyman MiFi
Lair:1 1 runed translucent door, Wiawib's ghost, journeyman GrFi


Innate Abilities, Weirdness & Mutations

You are resistant to damage.
You can heal yourself by infusing magical energy.
You passively map the area around you.
You do not regenerate.


Message History

The 14-headed hydra is heavily wounded.
You block the 14-headed hydra's attack. x3; The 14-headed hydra bites you.
The 14-headed hydra bites you but does no damage. x3
The 14-headed hydra bites you. x2; The 14-headed hydra closely misses you.
The 14-headed hydra barely misses you. x2; The 14-headed hydra bites you.
The 14-headed hydra barely misses you.
You hit the 14-headed hydra.
The 14-headed hydra is heavily wounded.
The 14-headed hydra bites you! The 14-headed hydra barely misses you.
The 14-headed hydra closely misses you. You block the 14-headed hydra's attack.
The 14-headed hydra bites you.
You block the 14-headed hydra's attack. x2
The 14-headed hydra bites you but does no damage. x2
The 14-headed hydra barely misses you. The 14-headed hydra bites you!
The 14-headed hydra bites you but does no damage.
The 14-headed hydra barely misses you.
The 14-headed hydra bites you but does no damage.
You barely miss the 14-headed hydra.
The 14-headed hydra is heavily wounded.
The 14-headed hydra bites you!
The 14-headed hydra bites you but does no damage.
You block the 14-headed hydra's attack. x3
The 14-headed hydra bites you but does no damage.
The 14-headed hydra barely misses you.
The 14-headed hydra bites you but does no damage. x2
The 14-headed hydra barely misses you. You block the 14-headed hydra's attack.
The 14-headed hydra bites you but does no damage. x3
You barely miss the 14-headed hydra.
The 14-headed hydra is heavily wounded.
You block the 14-headed hydra's attack. x3
The 14-headed hydra bites you but does no damage. x2
The 14-headed hydra bites you! The 14-headed hydra barely misses you.
You block the 14-headed hydra's attack.
The 14-headed hydra bites you but does no damage. x2
The 14-headed hydra barely misses you.
The 14-headed hydra bites you but does no damage. x2
The 14-headed hydra bites you!
You hack one of the 14-headed hydra's heads off!
The 13-headed hydra grows two more!
You slash the 15-headed hydra!
The 15-headed hydra is moderately wounded.
You chop one of the 15-headed hydra's heads off!
The 14-headed hydra grows two more!
You slash the 16-headed hydra!
The 16-headed hydra is heavily wounded.
The 16-headed hydra bites you. You block the 16-headed hydra's attack.
The 16-headed hydra bites you but does no damage.
You block the 16-headed hydra's attack. The 16-headed hydra barely misses you.
The 16-headed hydra bites you. The 16-headed hydra barely misses you.
The 16-headed hydra bites you but does no damage. x2
The 16-headed hydra barely misses you.
The 16-headed hydra bites you but does no damage.
You block the 16-headed hydra's attack.
The 16-headed hydra completely misses you.
You block the 16-headed hydra's attack. x2; The 16-headed hydra bites you.
You slice one of the 16-headed hydra's heads off!
The 15-headed hydra grows two more!
You hit the 17-headed hydra.
The 17-headed hydra is moderately wounded.
A chunk of your corpse armour falls away.
You block the 17-headed hydra's attack. x2
The 17-headed hydra bites you but does no damage.
You block the 17-headed hydra's attack.
The 17-headed hydra bites you but does no damage.
The 17-headed hydra bites you. The 17-headed hydra misses you.
You block the 17-headed hydra's attack. The 17-headed hydra bites you.
You block the 17-headed hydra's attack. x2
The 17-headed hydra bites you but does no damage. x6
You are too injured to fight recklessly!
You are too injured to fight recklessly!
You are too injured to fight recklessly!
You are too injured to fight recklessly!
A 17-headed hydra is nearby!
A 17-headed hydra is nearby!
A 17-headed hydra is nearby!
A 17-headed hydra is nearby!
A 17-headed hydra is nearby!
A 17-headed hydra is nearby!
A 17-headed hydra is nearby!
A 17-headed hydra is nearby!
A 17-headed hydra is nearby!
You are too injured to fight recklessly!
You are too injured to fight recklessly!
You are too injured to fight recklessly!
You are too injured to fight recklessly!
You are too injured to fight recklessly!
You are too injured to fight recklessly!
You are too injured to fight recklessly!
Your magical essence is drained by the effort!
You feel much better.
The 17-headed hydra bites you but does no damage.
You block the 17-headed hydra's attack. The 17-headed hydra barely misses you.
The 17-headed hydra bites you but does no damage. x2
You block the 17-headed hydra's attack.
The 17-headed hydra bites you but does no damage.
You block the 17-headed hydra's attack. x2
The 17-headed hydra barely misses you.
The 17-headed hydra bites you but does no damage.
The 17-headed hydra barely misses you.
The 17-headed hydra bites you but does no damage.
The 17-headed hydra completely misses you.
The 17-headed hydra bites you. The 17-headed hydra misses you.
The 17-headed hydra bites you but does no damage.
Are you sure you want to abandon this character and quit the game? (Confirm with "yes".)

, , ≈≈ ,,, * ##.......#
≈≈ ≈ ≈≈≈.....# #.......#
* ≈ ≈ ≈........#
##......# ≈≈ ≈ ≈
.!......P ###.......###
,...P....P##.##........#
P≈≈≈....##P..+.......## ,
≈ ≈P≈......##.........##
≈≈
≈≈≈......##..#.......P#
,,≈.P.....@....##......##
, ......D.##.###.......#
###....##### ##+.#P###
#...## #..### #..##
###....## *#+ , *
#..#.#+P# , , #.......#
,, ....+......## , ,
,#.#.#......P#


You could see a 17-headed hydra.

Vanquished Creatures
  A minotaur (Gauntlet)
  2 ice dragons (IceCv)
  16 two-headed ogres
  A catoblepas (Gauntlet)
  5 ogre magi
  3 orc knights
  2 ugly things (D:12)
  2 cyclopes
  2 ice statues (IceCv)
  2 cane toads (Lair:1)
  Maurice (D:8)
  2 gargoyles (Gauntlet)
  Psyche (D:8)
  2 rime drakes (IceCv)
  2 ice devils (D:12)
  3 trolls
  Grinder (D:4)
  2 hippogriffs (Lair:2)
  4 slime creatures (D:12)
  4 wraiths
  A basilisk (Lair:1)
  14 yaks
  4 vampire mosquitoes (Lair:2)
  3 insubstantial wisps (Lair:2)
  3 swamp worms (Gauntlet)
  An acid dragon (D:11)
  2 wargs
  4 water moccasins
  3 porcupines
  17 orc warriors
  16 ice beasts
  2 sky beasts
  2 necrophages
  A phantom (D:6)
  3 black bears
  37 ogres
  6 centaurs
  A big kobold (D:9)
  An elf zombie (Ossuary)
  8 bullfrogs
  A gnoll sergeant (D:8)
  2 wyvern skeletons
  A wyvern zombie (D:7)
  4 scorpions
  13 wights
  12 killer bees
  3 howler monkeys
  2 human zombies (Ossuary)
  3 centaur zombies
  5 centaur skeletons
  5 jellies
  7 hounds
  3 iguanas
  16 orc priests
  A bullfrog skeleton (D:6)
  27 orc wizards
  Ijyb (D:3)
  9 worker ants
  3 big kobold zombies (Ossuary)
  A hound zombie (Ossuary)
  A hound skeleton (D:7)
  4 mummies
  3 worker ant zombies
  7 gnolls
  A howler monkey skeleton (D:6)
  12 adders
  4 shadow imps
  A white imp (D:9)
  5 adder zombies (Ossuary)
  An adder skeleton (D:8)
  A worm (D:3)
  A dart slug (D:3)
  3 leopard geckos
  63 orcs
  4 bats
  3 giant cockroaches
  2 gnoll zombies (Ossuary)
  3 goblins
  3 hobgoblins
  13 jackals
  3 quokkas
  2 ball pythons
  2 frilled lizards
  A goblin zombie (Ossuary)
  5 jackal zombies (Ossuary)
  9 kobolds
  4 kobold zombies (Ossuary)
  A leopard gecko skeleton (D:5)
  2 orc zombies (Ossuary)
  6 quokka zombies (Ossuary)
  5 rats
  2 rat zombies (Ossuary)
483 creatures vanquished.

Vanquished Creatures (collateral kills)
  A stone giant (Orc:2)
  A hydra (D:12)
  4 two-headed ogres (Orc:2)
  An ogre mage (Orc:2)
  A troll (Orc:2)
  An orc warrior (Orc:2)
  3 ogres (Orc:2)
  An orc wizard (Orc:2)
  5 orcs (Orc:2)
18 creatures vanquished.

Vanquished Creatures (others)
  A vampire mosquito (Lair:2)
  A plant (Gauntlet)
2 creatures vanquished.

Grand Total: 503 creatures vanquished

Notes
Turn   | Place    | Note
-------+----------+-------------------------------------------
     0 | D:1      | EnegeticOcto the Deep Dwarf Fighter began the quest for the
                  | Orb.
     0 | D:1      | Reached XP level 1. HP: 20/20 MP: 1/1
   247 | D:2      | Reached XP level 2. HP: 27/27 MP: 2/2
   379 | D:3      | Noticed Ijyb
   400 | D:3      | Killed Ijyb
   400 | D:3      | Reached skill level 3 in Axes
   400 | D:3      | Reached XP level 3. HP: 30/34 MP: 3/3
   612 | D:3      | Reached XP level 4. HP: 32/42 MP: 4/4
   704 | D:3      | Found a glowing silver altar of Zin.
   995 | D:4      | Reached skill level 4 in Axes
   995 | D:4      | Reached XP level 5. HP: 41/49 MP: 5/5
  1147 | D:4      | Noticed Grinder
  1160 | D:4      | Paralysed by Grinder for 4 turns
  1182 | D:4      | Killed Grinder
  1182 | D:4      | Reached skill level 5 in Axes
  1182 | D:4      | Reached XP level 6. HP: 39/57 MP: 6/6
  1419 | D:4      | Found Hiwesch's Distillery.
  1632 | D:4      | Found a bloodstained altar of Trog.
  1632 | D:4      | Found a stormy altar of Qazlal.
  1638 | D:4      | Found a hide-covered altar of Uskayaw.
  1640 | D:4      | Found a radiant altar of Vehumet.
  1642 | D:4      | Found a faded altar of an unknown god.
  1779 | D:5      | Entered Level 5 of the Dungeon
  1818 | D:5      | Found a staircase to the Ecumenical Temple.
  1833 | D:5      | Reached XP level 7. HP: 52/64 MP: 7/7
  1839 | D:5      | Reached skill level 5 in Armour
  1839 | D:5      | Reached skill level 5 in Shields
  1847 | Temple   | Entered the Ecumenical Temple
  1906 | Temple   | Became a worshipper of Makhleb the Destroyer
  2259 | D:5      | Reached skill level 6 in Axes
  2259 | D:5      | Reached skill level 1 in Invocations
  2647 | D:6      | Found a sparkling altar of Nemelex Xobeh.
  2692 | D:6      | Reached XP level 8. HP: 47/73 MP: 8/8
  2924 | D:6      | Reached skill level 5 in Fighting
  3009 | D:6      | Reached * piety under Makhleb
  3102 | D:6      | Found a blossoming altar of Fedhas.
  3513 | D:7      | Reached skill level 7 in Axes
  3758 | D:7      | Found a sacrificial altar of Ru.
  3988 | D:8      | Noticed Psyche
  4018 | D:8      | Paralysed by something for 6 turns
  4031 | D:8      | Killed Psyche
  4039 | D:8      | Noticed Maurice
  4052 | D:8      | Killed Maurice
  4052 | D:8      | Gained mutation: You passively map the area around you.
                  | [Deep Dwarf growth]
  4052 | D:8      | Reached XP level 9. HP: 30/82 MP: 8/10
  4052 | D:8      | Reached skill level 8 in Axes
  4165 | D:8      | Reached ** piety under Makhleb
  4228 | D:8      | Found a sand-covered staircase.
  4237 | Ossuary  | Entered an ossuary
  4396 | Ossuary  | Reached *** piety under Makhleb
  4650 | D:8      | Found a glowing golden altar of the Shining One.
  4717 | D:8      | Noticed a two-headed ogre
  4734 | D:8      | Killed a two-headed ogre
  4734 | D:8      | Reached skill level 9 in Axes
  4734 | D:8      | Reached skill level 5 in Invocations
  4833 | D:8      | Found an iron altar of Okawaru.
  5236 | D:9      | Reached XP level 10. HP: 69/94 MP: 11/11
  5418 | D:9      | Reached **** piety under Makhleb
  5477 | D:9      | Found Fovvine's Magic Scroll Shop.
  5738 | D:9      | Reached skill level 10 in Axes
  5905 | D:9      | Found a shimmering altar of Xom.
  5975 | D:10     | Entered Level 10 of the Dungeon
  6157 | D:10     | Reached ***** piety under Makhleb
  6219 | D:10     | Found an opulent altar of Gozag.
  6411 | D:10     | Noticed p0werm0de's ghost (journeyman MiFi)
  6417 | D:10     | Found a runed translucent gate.
  6418 | D:10     | Found a runed translucent gate.
  6418 | D:10     | Found a runed translucent gate.
  6439 | D:10     | Reached XP level 11. HP: 104/104 MP: 13/13
  6755 | D:11     | Found a gate leading to a gauntlet.
  6767 | Gauntlet | Entered a Gauntlet
  6767 | Gauntlet | Found a transporter.
  6770 | Gauntlet | Found a transporter.
  6818 | Gauntlet | Found a transporter.
  6820 | Gauntlet | Noticed a catoblepas
  6834 | Gauntlet | Found a transporter.
  6838 | Gauntlet | Noticed a death scarab
  6855 | Gauntlet | Killed a catoblepas
  6872 | Gauntlet | Found a transporter.
  6873 | Gauntlet | Found a transporter.
  6874 | Gauntlet | Noticed a six-headed hydra
  6879 | Gauntlet | Noticed a death scarab
  6898 | Gauntlet | Found a transporter.
  6900 | Gauntlet | Found a transporter.
  6903 | Gauntlet | Got a heavily runed cloak
  6905 | Gauntlet | Found a runed translucent door.
  6913 | Gauntlet | Identified the cursed -4 cloak "Raprumal" {Dex+6} (You
                  | found it in a Gauntlet)
  7046 | Gauntlet | Noticed a minotaur
  7075 | Gauntlet | Killed a minotaur
  7075 | Gauntlet | Reached skill level 11 in Axes
  7332 | D:11     | Found a staircase to the Lair.
  7558 | D:11     | Found a staircase to the Orcish Mines.
  7840 | D:11     | Noticed an ogre mage
  7842 | D:11     | Noticed a two-headed ogre
  7842 | D:11     | Noticed a two-headed ogre
  7849 | D:11     | Noticed a two-headed ogre
  7854 | D:11     | Killed a two-headed ogre
  7854 | D:11     | Reached skill level 1 in Evocations
  7857 | D:11     | Killed a two-headed ogre
  7862 | D:11     | Killed a two-headed ogre
  7874 | D:11     | Killed an ogre mage
  7874 | D:11     | Reached XP level 12. HP: 91/116 MP: 13/13
  8042 | D:12     | Reached skill level 10 in Fighting
  8054 | D:12     | Reached skill level 12 in Axes
  8133 | D:12     | Found a frozen archway.
  8175 | IceCv    | Entered an ice cave
  8260 | IceCv    | Reached ****** piety under Makhleb
  8421 | IceCv    | Noticed an ice dragon
  8422 | IceCv    | Noticed an ice dragon
  8444 | IceCv    | Killed an ice dragon
  8452 | IceCv    | Killed an ice dragon
  8504 | IceCv    | Got a clouded zirconium amulet
  8722 | D:12     | Identified the amulet "Reseil" {rElec MR+ Regen+ Int+4}
                  | (You found it in an ice cave)
  9151 | D:12     | Noticed a five-headed hydra
  9171 | D:12     | Killed a 13-headed hydra
  9298 | D:12     | Found a portal to a secret trove of treasure.
  9529 | Orc:1    | Entered Level 1 of the Orcish Mines
  9558 | Orc:1    | Noticed a two-headed ogre
  9577 | Orc:1    | Killed a two-headed ogre
  9593 | Orc:1    | Found a bloodstained altar of Trog.
  9603 | Orc:1    | Reached skill level 5 in Evocations
  9716 | Orc:1    | Noticed a two-headed ogre
  9717 | Orc:1    | Noticed an ogre mage
  9734 | Orc:1    | Killed a two-headed ogre
  9742 | Orc:1    | Killed an ogre mage
  9742 | Orc:1    | Reached skill level 10 in Invocations
  9742 | Orc:1    | Reached XP level 13. HP: 80/126 MP: 9/9
  9792 | Orc:1    | Reached skill level 13 in Axes
  9792 | Orc:1    | Reached skill level 10 in Armour
  9792 | Orc:1    | Reached skill level 10 in Shields
 10145 | Orc:1    | Found Mutoyfeo's Weapon Boutique.
 10512 | Orc:2    | Entered Level 2 of the Orcish Mines
 10532 | Orc:2    | Noticed a stone giant
 10534 | Orc:2    | Found a staircase to the Elven Halls.
 10547 | Orc:2    | Killed a stone giant
 10702 | Orc:2    | Found Zuimaul's Jewellery Boutique.
 10702 | Orc:2    | Found Fodiru's Antique Armour Shoppe.
 10703 | Orc:2    | Found Hilutun's Antique Armour Shoppe.
 10703 | Orc:2    | Found Zanad's Book Shop.
 10712 | Orc:2    | Bought a pair of ancient gloves for 342 gold pieces
 10722 | Orc:2    | Identified the +0 pair of gloves of Paranoia {Harm +Blink
                  | rCorr Stlth-} (You bought it in a shop on level 2 of the
                  | Orcish Mines)
 10722 | Orc:2    | Bought the +4 Cigotuvi's embrace {rRot *Drain rN+} for 993
                  | gold pieces
 10722 | Orc:2    | Found the +4 Cigotuvi's embrace {rRot *Drain rN+}
 10741 | Orc:2    | Bought a tower shield for 162 gold pieces
 10817 | Orc:2    | Found Tiruas's Antique Weapon Shop.
 11392 | Lair:1   | Entered Level 1 of the Lair of Beasts
 11430 | Lair:1   | Reached skill level 1 in Dodging
 11692 | Lair:1   | Reached skill level 14 in Axes
 11742 | Lair:1   | Found a runed translucent door.
 11742 | Lair:1   | Noticed Wiawib's ghost (journeyman GrFi)
 11917 | Lair:2   | Quit the game

Illustrated notes

Levels and vault maps discovered:
D:1:      dpeg_arrival_solitude, layout_basic, minivault_11,
          nemelex_xobeh_ov_fountains_minmay
D:2:      layout_basic, chequers_ecumenical_altar_simple, hex_medium,
          chequers_serial_rivers_room_b
D:3:      kennysheep_six_static_rooms, layout_basic, lemuel_doored_altar,
          uniq_ijyb, uniq_sigmund
D:4:      layout_basic, chequers_temple_overflow_minitemple, serial_shops, shop,
          uniq_grinder
D:5:      layout_loops_ring, minmay_temple_entry_waves
D:6:      layout_cave_pods, kennysheep_little_box, minmay_ruined_shrine
D:7:      layout_cave_pools, nicolae_ru_sacrificial_ziggurat,
          minmay_crystal_room
D:8:      layout_loops_ring, nicolae_tso_carved_into_rock, marbit_many_paths,
          gup_ossuary_entry_pyramid, uniq_psyche, uniq_maurice
D:9:      layout_loops_ring, serial_shops, kennysheep_mini_moat, basic_altar
D:10:     layout_loops_ring, gammafunk_ghost_nasty_kobolds,
          nicolae_gozag_cash_rules_everything_around_me
D:11:     layout_gridville, lair_entry_dummy, orc_0_dummy,
          gauntlet_entry_generic
D:12:     layout_grid_maze, nicolae_trove_entry_columns,
          portal_ice_cave_demonic_guard
Temple:   cyrus_circular_temple
Lair:1:   layout_roguey, serial_rivers, chequers_serial_rivers_micro_a,
          chequers_serial_rivers_marsh, chequers_serial_rivers_small_3,
          chequers_serial_rivers_large_a, chequers_serial_rivers_micro_d,
          gammafunk_ghost_grave, beast_lair_carwin_11, lemuel_fruit_fields
Lair:2:   layout_roguey, pond, uniq_sonja
Orc:1:    nicolae_orc_accident_1, layout_caves, serial_shops,
          nicolae_shop_waterfront, trog_hazing_becter
Orc:2:    st_orc_ogre_mass, layout_caves, serial_shops, shop

Skill      XL: |  1  2  3  4  5  6  7  8  9 10 11 12 13 |
---------------+----------------------------------------+-----
Fighting       | 3 4 6 7 8 9 10 11 | 11.8
Axes           | 3 4 5 6 7 9 10 11 12 14 | 14.0
Armour         | 4 5 6 7 8 9 10 | 10.7
Shields        | 4 5 6 7 8 9 10 | 10.7
Invocations    | 2 4 5 7 8 10 11 | 11.0
Evocations     | 2 5 7 |  7.3
Dodging        | 1 |  1.6

Action                   |  1- 3 |  4- 6 |  7- 9 | 10-12 | 13-15 || total
-------------------------+-------+-------+-------+-------+-------++-------
Melee: War axe           |    72 |   139 |   477 |   980 |   350 ||  2018
Invok: Lesser Servant of |       |       |       |     4 |     6 ||    10
 Abil: Heal Wounds       |     1 |     4 |     8 |    24 |     7 ||    44
Evoke: Wand              |       |       |       |     8 |       ||     8
       Condenser vane    |       |       |       |     2 |     1 ||     3
  Use: Scroll            |       |       |    14 |     7 |     4 ||    25
 Stab: Confused          |       |       |       |     2 |       ||     2
Armor: Scale mail        |    44 |    55 |       |       |       ||    99
       Chain mail        |       |    20 |    61 |       |       ||    81
       Plate armour      |       |       |   131 |   526 |    45 ||   702
       Leather armour    |       |       |       |       |   145 ||   145
Dodge: Dodged            |    27 |    44 |    81 |   180 |    92 ||   424
Block: Kite shield       |    50 |    82 |   301 |   825 |    80 ||  1338
       Reflection        |       |       |     1 |    13 |       ||    14
       Tower shield      |       |       |       |       |   259 ||   259

Table legend: (Time is in decaauts)
 A = Elapsed time spent in this place.
 B = Non-inter-level travel time spent in this place.
 C = Inter-level travel time spent in this place.
 D = Time resting spent in this place.
 E = Time spent auto-exploring this place.
 F = Levels seen in this place.
 G = Mean time per level.
                   A        B        C        D        E       F      G
               +--------+--------+--------+--------+--------+-----+--------+
         Total |  12034 |  11477 |    557 |    100 |   7754 |  20 |  601.7 |
       Dungeon |   8494 |   8066 |    428 |      0 |   5825 |  12 |  707.8 |
        Temple |     72 |     60 |     12 |      0 |     38 |   1 |   72.0 |
          Lair |    518 |    513 |      5 |      0 |    376 |   2 |  259.0 |
  Orcish Mines |   1789 |   1679 |    110 |      0 |   1058 |   2 |  894.5 |
       Ossuary |    311 |    311 |      0 |      0 |    131 |   1 |  311.0 |
      Ice Cave |    528 |    528 |      0 |      0 |    305 |   1 |  528.0 |
      Gauntlet |    320 |    320 |      0 |    100 |     20 |   1 |  320.0 |
               +--------+--------+--------+--------+--------+-----+--------+

Top non-repeatable levels by time:
    D:11: 1023 daAuts
    D:12: 996 daAuts
   Orc:1: 977 daAuts
     D:8: 953 daAuts
     D:6: 917 daAuts
     D:4: 855 daAuts
   Orc:2: 811 daAuts
     D:9: 794 daAuts
    D:10: 702 daAuts
     D:5: 666 daAuts
     D:3: 645 daAuts
     D:7: 578 daAuts
   IceCv: 528 daAuts
  Lair:1: 416 daAuts
Gauntlet: 320 daAuts
